 Dungeon Sprint DCSS version 0.16-a0-3643-g096a701 (webtiles) character file.

2100 BluebellGnoll the Unseen (level 9, 0/39 HPs)
             Began as a Spriggan Enchanter on Jan 16, 2015.
             Was a High Priest of Vehumet.
             Rolled over by a boulder beetle (39 damage)
             ... in the Dungeon (Sprint IX: "|||||||||||||||||||||||||||||").
             The game lasted 00:09:03 (1029 turns).

BluebellGnoll the Unseen (Spriggan Enchanter)       Turns: 1029, Time: 00:09:03

Health: 0/39       AC:  6    Str:  4    XL:     9   Next: 7%
Magic:  27/30      EV: 32    Int: 19    God:    Vehumet [*****.]
Gold:   0          SH:  0    Dex: 17    Spells: 6 memorised, 14 levels left

rFire  . . .     SeeInvis +     k - +2 short sword (freeze)
rCold  . . .     Clarity  .     b - +1 robe
rNeg   . . .     SustAb   .     (shield restricted)
rPois  .         Gourm    .     (helmet restricted)
rElec  .         Spirit   .     r - +0 cloak
rCorr  .         Warding  .     (gloves unavailable)
rMut   .         NoTele   +     (boots unavailable)
MR     +....                    (no amulet)
Stlth  ++++++++..               s - +2 ring of protection
                                a - +2 ring of evasion

@: very quick, somewhat resistant to hostile enchantments, extraordinarily
stealthy
A: unfitting armour, see invisible, herbivore 3, speed 3, slow metabolism 2
a: Renounce Religion


You were in the Dungeon.
You worshipped Vehumet.
Vehumet was extremely pleased with you.
You were not hungry.

You visited 1 branch

Inventory:

Hand weapons
 k - a +2 short sword of freezing (weapon)
 q - a +2 rapier of distortion
Armour
 b - a +1 robe (worn)
 r - a +0 cloak (worn)
Magical staves
 p - an uncursed staff of energy
Jewellery
 a - a +2 ring of evasion (left hand)
 s - a +2 ring of protection (right hand)
 u - the ring "Gupuuz" {+Rage +Inv Stlth+}
   (You found it in the Dungeon)

   [ring of stealth]

   It lets you turn invisible.
   It lets you go berserk.
   It makes you more stealthy.
Magical devices
 o - a wand of cold (4)
 v - a wand of draining (7)
Scrolls
 j - 3 scrolls of blinking
 m - 3 scrolls of remove curse
 n - 2 scrolls of amnesia
 w - 4 scrolls of enchant armour
 x - 4 scrolls of enchant weapon
Potions
 e - 5 potions of curing
 f - 9 potions of heal wounds
 g - 2 potions of cure mutation
 h - 4 potions of magic
 i - a potion of berserk rage
 l - a potion of invisibility
 t - a potion of agility
Books
 c - a book of Maledictions

   Spells                             Type                      Level
   a - Corona                         Hexes                        1
   b - Sure Blade                     Hexes/Charms                 2
   c - Ensorcelled Hibernation        Hexes/Ice                    2
   d - Confuse                        Hexes                        3
   e - Dazzling Spray                 Conjuration/Hexes            3
   f - Enslavement                    Hexes                        4
Comestibles
 d - a bread ration


   Skills:
 + Level 5.8 Short Blades
 - Level 14.1 Dodging
 - Level 17.9 Stealth
 - Level 10.5 Spellcasting
 - Level 10.5 Hexes


You had 14 spell levels left.
You knew the following spells:

 Your Spells              Type           Power        Failure   Level  Hunger
a - Corona                Hex            ######.      1%          1    None
b - Ensorcelled Hibernat  Hex/Ice        ####..       1%          2    None
c - Confuse               Hex            ######..     1%          3    None
d - Sure Blade            Hex/Chrm       ####......   1%          2    None
e - Dazzling Spray        Conj/Hex       ####....     1%          3    None
f - Enslavement           Hex            ######..     1%          4    ##.....


Dungeon Overview and Level Annotations

Branches:
Dungeon (1/1)

Altars:
Cheibriados
Dithmenos
Elyvilon
Fedhas
Gozag
Kikubaaqudgha
Makhleb
Nemelex Xobeh
Okawaru
Qazlal
Ru
Sif Muna
Trog
Vehumet
Xom
Yredelemnul
Zin
The Shining One
Beogh
Jiyva
Lugonu


Innate Abilities, Weirdness & Mutations

You are tiny and cannot use many weapons and most armour.
You have supernaturally acute eyesight.
You are a herbivore.
You cover ground extremely quickly.
You need consume almost no food.


Message History

You have reached level 9!
Your experience leads to an increase in your attributes!
Increase (S)trength, (I)ntelligence, or (D)exterity?
You feel clever.
The giant frog croaks.
The boulder beetle twitches its antennae in your direction.
The giant frog croaks.
The giant frog gives a loud, deep croak!
The spiny frog gives a loud, deep croak!
The boulder beetle curls into a ball and starts rolling!
The boulder beetle smashes into the porcupine!
The porcupine dies!
Casting: Ensorcelled Hibernation
Confirm with . or Enter, or press ? or * to list all spells.
Aiming: Confuse
Press: ? - help, Shift-Dir - straight line, f - boulder beetle
Aim: a boulder beetle (rolling, chance 56%)
The boulder beetle appears confused.
The boulder beetle smashes into you!
Ouch! That really hurt!
You die...

▓.▓.▓_▓
▓.▓.▓_▓
▓.▓.▓_▓
▓.▓.▓_▓
▓.▓.▓_▓
▓.▓.▓_▓
▓'▓.▓_▓
▓†▓.▓_▓
▓@▓.▓_▓
▓B▓.▓_▓
▓F▓.▓_▓
▓.▓.▓_▓
▓F▓.▓_▓
▓F▓.▓_▓
▓F▓.▓'▓
▓r▓.▓.▓
▓+▓.▓.▓


You could see a boulder beetle (confused), a spiny frog, 3 giant frogs and a
porcupine.

Vanquished Creatures
  2 spiny frogs (D)
  A komodo dragon (D)
  A troll (D)
  2 hippogriffs (D)
  A porcupine (D)
  A phantom (D)
  2 ice beasts (D)
  An orc warrior (D)
  An ogre (D)
  A giant frog (D)
  2 hounds (D)
  A crimson imp (D)
  2 worker ants (D)
  A river rat (D)
  2 adders (D)
  2 bats (D)
  A giant cockroach (D)
  A goblin (D)
  A hobgoblin (D)
  4 kobolds (D)
  2 quokkas (D)
  A giant cockroach zombie (D)
33 creatures vanquished.

Vanquished Creatures (others)
  A porcupine (D)
1 creature vanquished.

Grand Total: 34 creatures vanquished

Notes
Turn   | Place    | Note
--------------------------------------------------------------
     0 | D        | BluebellGnoll, the Spriggan Enchanter, began the quest for the Orb.
     0 | D        | Reached XP level 1. HP: 9/9 MP: 4/4
     6 | D        | Reached skill level 5 in Stealth
    17 | D        | Reached skill level 6 in Stealth
    38 | D        | Reached skill level 7 in Stealth
   226 | D        | Reached XP level 2. HP: 13/13 MP: 1/7
   230 | D        | Reached skill level 8 in Stealth
   254 | D        | Learned a level 2 spell: Ensorcelled Hibernation
   254 | D        | Found a glowing silver altar of Zin.
   254 | D        | Found a glowing golden altar of the Shining One.
   254 | D        | Found an ancient bone altar of Kikubaaqudgha.
   254 | D        | Found a basalt altar of Yredelemnul.
   254 | D        | Found a shimmering altar of Xom.
   254 | D        | Found a radiant altar of Vehumet.
   254 | D        | Found an iron altar of Okawaru.
   255 | D        | Found a burning altar of Makhleb.
   256 | D        | Found a deep blue altar of Sif Muna.
   257 | D        | Found a bloodstained altar of Trog.
   258 | D        | Found a sparkling altar of Nemelex Xobeh.
   259 | D        | Found a white marble altar of Elyvilon.
   260 | D        | Found a roughly hewn altar of Beogh.
   261 | D        | Found a viscous altar of Jiyva.
   262 | D        | Found a corrupted altar of Lugonu.
   263 | D        | Found a blossoming altar of Fedhas.
   264 | D        | Found a snail-covered altar of Cheibriados.
   265 | D        | Found a shadowy altar of Dithmenos.
   266 | D        | Found a stormy altar of Qazlal.
   267 | D        | Found an opulent altar of Gozag.
   268 | D        | Found a sacrificial altar of Ru.
   308 | D        | Became a worshipper of Vehumet
   349 | D        | Noticed an ice beast
   349 | D        | Noticed an ogre
   349 | D        | Noticed a hippogriff
   349 | D        | Noticed a phantom
   349 | D        | Noticed a crimson imp
   351 | D        | Reached skill level 9 in Stealth
   352 | D        | Killed a crimson imp
   352 | D        | Reached skill level 11 in Stealth
   352 | D        | Reached XP level 3. HP: 16/16 MP: 9/9
   353 | D        | Killed a hippogriff
   353 | D        | Acquired Vehumet's first power
   353 | D        | Offered knowledge of Flame Tongue by Vehumet.
   353 | D        | Reached skill level 16 in Stealth
   353 | D        | Reached XP level 4. HP: 21/21 MP: 12/12
   353 | D        | Reached XP level 5. HP: 24/24 MP: 14/14
   354 | D        | Killed an ogre
   354 | D        | Reached skill level 17 in Stealth
   371 | D        | Learned a level 3 spell: Confuse
   398 | D        | Killed an ice beast
   398 | D        | Reached skill level 5 in Spellcasting
   398 | D        | Reached XP level 6. HP: 10/28 MP: 1/21
   441 | D        | Learned a level 2 spell: Sure Blade
   445 | D        | Learned a level 3 spell: Dazzling Spray
   450 | D        | Learned a level 4 spell: Enslavement
   540 | D        | Killed a phantom
   679 | D        | Noticed a worker ant
   679 | D        | Noticed an orc warrior
   679 | D        | Noticed a hound
   679 | D        | Noticed a worker ant
   679 | D        | Noticed a troll
   679 | D        | Noticed an ice beast
   681 | D        | Killed a worker ant
   681 | D        | Offered knowledge of Sandblast by Vehumet.
   683 | D        | Killed an orc warrior
   683 | D        | Reached XP level 7. HP: 30/32 MP: 24/26
   685 | D        | Killed a hound
   687 | D        | Killed a worker ant
   687 | D        | Acquired Vehumet's second power
   698 | D        | Killed a troll
   698 | D        | Reached skill level 10 in Spellcasting
   698 | D        | Reached skill level 10 in Hexes
   704 | D        | Killed an ice beast
   806 | D        | Got the ring "Gupuuz" {+Rage +Inv Stlth+}
   821 | D        | Noticed a porcupine
   821 | D        | Noticed a komodo dragon
   821 | D        | Noticed a hippogriff
   821 | D        | Noticed a hound
   822 | D        | Noticed a giant frog
   823 | D        | Killed a porcupine
   823 | D        | Reached skill level 5 in Dodging
   823 | D        | Reached XP level 8. HP: 15/36 MP: 29/29
   824 | D        | Noticed a spiny frog
   825 | D        | Acquired Vehumet's third power
   844 | D        | Killed a komodo dragon
   844 | D        | Reached skill level 10 in Dodging
   851 | D        | Killed a hippogriff
   860 | D        | Killed a hound
   879 | D        | Killed a spiny frog
   887 | D        | Killed a giant frog
  1023 | D        | Noticed a spiny frog
  1023 | D        | Noticed a porcupine
  1023 | D        | Noticed a boulder beetle
  1023 | D        | Noticed a giant frog
  1023 | D        | Noticed a giant frog
  1023 | D        | Noticed a giant frog
  1024 | D        | Noticed a spiny frog
  1025 | D        | Offered knowledge of Throw Flame by Vehumet.
  1026 | D        | Noticed a porcupine
  1027 | D        | Killed a spiny frog
  1027 | D        | Reached skill level 5 in Short Blades
  1027 | D        | Reached XP level 9. HP: 39/39 MP: 30/30
  1028 | D        | Killed a porcupine
  1029 | D        | Rolled over by a boulder beetle

Action                   |  1- 3 |  4- 6 |  7- 9 || total
-------------------------+-------+-------+-------++-------
Melee: Dagger            |    36 |       |       ||    36
       Short sword       |    13 |    15 |    25 ||    53
 Cast: Corona            |     4 |       |       ||     4
       Confuse           |       |     6 |     6 ||    12
       Ensorcelled Hiber |       |       |    10 ||    10
Evoke: Wand              |     1 |     2 |       ||     3
  Use: Potion            |     1 |       |       ||     1
 Stab: Sleeping          |     2 |     2 |    12 ||    16
       Confused          |       |     4 |     4 ||     8
